 Dungeon Crawl Stone Soup version 0.23-a0-270-gab6feb3 (webtiles) character file.

812 Illumine the Digger (level 7, 0/56 HPs)
             Began as a Deep Dwarf Earth Elementalist on Sept 27, 2018.
             Slain by a wyvern zombie (7 damage)
             ... in an ossuary on Sept 30, 2018.
             The game lasted 00:10:33 (3258 turns).

Illumine the Digger (Deep Dwarf Earth Elementalist) Turns: 3258, Time: 00:10:34

Health: 0/56       AC:  3    Str: 12    XL:     7   Next: 61%
Magic:  12/22      EV: 12    Int: 17    God:
Gold:   158        SH:  0    Dex: 13    Spells: 5/14 levels left

rFire    . . .     SeeInvis .   j - +2 hand axe (freeze)
rCold    . . .     Gourm    .   (no shield)
rNeg     . . .     Faith    .   c - +0 robe
rPois    .         Spirit   .   (no helmet)
rElec    .         Reflect  .   u - +0 cloak
rCorr    .         Harm     .   (no gloves)
MR       +....                  (no boots)
Stlth    ++........             (no amulet)
HPRegen  0.00/turn              a - ring of magical power
MPRegen  0.18/turn              i - ring of wizardry

@: non-regenerating
A: damage resistance, heal wounds, sense surroundings 1, no regeneration
a: Heal Wounds


You were in an ossuary.
You were not hungry.

You visited 1 branch of the dungeon, and saw 5 of its levels.
You also visited: Ossuary.

You collected 158 gold pieces.

Inventory:

Hand Weapons
 j - a +2 hand axe of freezing (weapon)
 s - a +0 war axe
Missiles
 b - 61 stones (quivered)
 k - 39 poisoned needles
Armour
 c - a +0 robe (worn)
 u - a +0 cloak (worn)
Jewellery
 a - a ring of magical power (left hand)
 i - a ring of wizardry (right hand)
 p - an uncursed ring of protection from magic
Scrolls
 f - 2 scrolls of remove curse
 h - a scroll of immolation {unknown}
 q - a scroll of fog
 t - 3 scrolls of identify {unknown}
 v - a scroll of enchant armour {unknown}
Potions
 e - 2 potions of brilliance
 l - a potion of degeneration {unknown}
 m - a potion of resistance {unknown}
 n - a potion of haste {unknown}
Comestibles
 d - 7 rations
 g - 4 chunks of flesh


   Skills:
 + Level 0.5 Fighting
 + Level 3.7 Axes
 + Level 0.6 Armour
 + Level 2.3 Dodging
 - Level 2.4 Stealth
 + Level 4.1 Spellcasting
 + Level 3.3 Conjurations
   Level 0.8 Transmutations
 + Level 7.1 Earth Magic


You had 5 spell levels left.
You knew the following spells:

 Your Spells              Type           Power        Failure   Level  Hunger
a - Sandblast             Erth           ####..       1%          1    None
b - Stone Arrow           Conj/Erth      ###...       2%          3    ###....
c - Lee's Rapid Deconstr  Erth           ####......   9%          5    ######.

Your spell library contained the following spells:

 Spells                   Type           Power        Failure   Level  Hunger
 Passwall                 Tmut/Erth      ###.....     1%          2    ##.....
 Animate Skeleton         Necr           N/A          6%          1    None
 Apportation              Tloc           #.....       6%          1    None
 Confusing Touch          Hex            #.....       6%          1    None
 Summon Small Mammal      Summ           #...         6%          1    None
 Petrify                  Tmut/Erth      ###.....     12%         4    ####...


Dungeon Overview and Level Annotations

Branches:
Dungeon (5/15)
 Temple: D:4-7

Altars:
Ashenzari
Trog
Wu Jian

Annotations:
D:2 Robin
D:4 1 runed door, BigBall's ghost, amateur OpTm


Innate Abilities, Weirdness & Mutations

You are resistant to damage.
You can heal yourself by infusing magical energy.
You passively map a small area around you.
You do not regenerate.


Message History

Casting: Sandblast (safe; 1% risk of failure)
Confirm with . or Enter, or press ? or * to list all spells.
Aiming: Sandblast (safe; 1% risk of failure)
Press: ? - help, Shift-Dir - straight line, f/p - mummy
Aim: a mummy (severely damaged)
The blast of sand hits the mummy.
You destroy the mummy!
b - 62 stones The wyvern zombie bites you!
* * * LOW HITPOINT WARNING * * *
Casting: Sandblast (safe; 1% risk of failure)
Confirm with . or Enter, or press ? or * to list all spells.
Aiming: Sandblast (safe; 1% risk of failure)
Press: ? - help, Shift-Dir - straight line, f - wyvern zombie
Aim: a wyvern zombie (heavily damaged)
The blast of sand hits the wyvern zombie.
The wyvern zombie is severely damaged.
b - 61 stones The wyvern zombie bites you!
You die...

** * * * ≈ * *
# ≈≈ * #≈≈ ≈
≈P#
###+#+#+#.≈≈#+
#.'ZZ@..≈≈≈.≈≈
≈
###.##'##+##+#*
#.'.#...#,
###.#.∩.# * * *
ZM#..∩# , *
#.##### * ,+..,
, ,, #.# + * *
,'.# * *


You could see a hound zombie and a wyvern zombie.

Vanquished Creatures
  2 ogres
  2 scorpions
  A howler monkey (D:4)
  2 crimson imps
  An orc priest (D:4)
  A bullfrog skeleton (D:5)
  An orc wizard (D:4)
  An iguana (D:4)
  4 worker ants (D:4)
  A hound skeleton (D:5)
  4 mummies (Ossuary)
  A howler monkey zombie (Ossuary)
  4 adders
  A shadow imp (D:5)
  2 oozes (D:1)
  6 worms
  A dart slug (D:1)
  2 leopard geckos
  17 orcs
  2 bats
  4 giant cockroaches
  7 goblins
  5 hobgoblins
  3 jackals (D:3)
  7 kobolds
  4 quokkas (D:4)
  3 frilled lizards
  6 rats
95 creatures vanquished.

Vanquished Creatures (others)
  A wizard (D:3)
  2 withered plants (Ossuary)
3 creatures vanquished.

Grand Total: 98 creatures vanquished

Notes
Turn   | Place    | Note
-------+----------+-------------------------------------------
     0 | D:1      | Illumine the Deep Dwarf Earth Elementalist began the quest
                  | for the Orb.
     0 | D:1      | Reached XP level 1. HP: 15/15 MP: 3/3
   101 | D:1      | Upgraded the game from 0.23-a0-241-g3b46b07 to
                  | 0.23-a0-242-g2b5ca64
   118 | D:1      | Reached XP level 2. HP: 22/22 MP: 1/5
   714 | D:2      | Reached XP level 3. HP: 21/28 MP: 6/6
   749 | D:2      | Learned a level 3 spell: Stone Arrow
   766 | D:2      | Upgraded the game from 0.23-a0-242-g2b5ca64 to
                  | 0.23-a0-270-gab6feb3
   810 | D:2      | Reached skill level 5 in Earth Magic
  1091 | D:2      | Noticed Robin
  1144 | D:3      | Found a bloodstained altar of Trog.
  1147 | D:3      | Noticed a wizard
  1152 | D:3      | Killed a wizard
  1287 | D:3      | Reached XP level 4. HP: 34/36 MP: 8/8
  1459 | D:3      | Reached skill level 1 in Conjurations
  2413 | D:4      | Found a shattered altar of Ashenzari.
  2451 | D:4      | Reached skill level 1 in Axes
  2558 | D:4      | Reached XP level 5. HP: 41/42 MP: 9/9
  2791 | D:4      | Noticed an ogre
  2794 | D:4      | Killed an ogre
  2794 | D:4      | Reached skill level 6 in Earth Magic
  2794 | D:4      | Reached XP level 6. HP: 43/49 MP: 11/11
  2890 | D:4      | Found a runed door.
  2893 | D:4      | Noticed BigBall's ghost (amateur OpTm)
  2991 | D:4      | Reached XP level 7. HP: 22/55 MP: 7/12
  3043 | D:4      | Found an ornate altar of the Wu Jian Council.
  3062 | D:5      | Entered Level 5 of the Dungeon
  3134 | D:5      | Reached skill level 7 in Earth Magic
  3145 | D:5      | Learned a level 5 spell: Lee's Rapid Deconstruction
  3206 | D:5      | Found a sand-covered staircase.
  3221 | Ossuary  | Entered an ossuary
  3258 | Ossuary  | Slain by a wyvern zombie

Vault maps used:
D:1:      giann_bridges
D:2:      overflow_temple_1_default, grunt_ministairs_10, uniq_robin
D:3:      first_ration, trog_wizard
D:4:      lemuel_doored_altar, evilmike_ruin_ashenzari,
          hellmonk_ghost_happy_afterlife
D:5:      nicolae_ru_path_of_blood, old_standard_altar,
          nicolae_ossuary_entry_ruins, basic_altar
Ossuary:  ossuary_zaba_flooded

Skill      XL: |  1  2  3  4  5  6  7 |
---------------+----------------------+-----
Spellcasting   | 2 3 4 |  4.1
Earth Magic    | 5 6 7 |  7.1
Conjurations   | 1 2 3 |  3.3
Axes           | 1 2 3 |  3.7
Fighting       | |  0.5
Armour         | |  0.6
Dodging        | |  2.3
Stealth        | |  2.4
Transmutations | |  0.8

Action                   |  1- 3 |  4- 6 |  7- 9 || total
-------------------------+-------+-------+-------++-------
Melee: Club              |    42 |       |       ||    42
       Dagger            |     1 |       |       ||     1
       War axe           |     3 |    30 |       ||    33
       Hand axe          |       |    26 |    49 ||    75
 Cast: Sandblast         |    37 |    47 |    20 ||   104
       Stone Arrow       |       |    18 |     3 ||    21
 Abil: Heal Wounds       |     1 |     3 |     3 ||     7
  Use: Scroll            |       |     4 |       ||     4
       Potion            |       |     2 |       ||     2
 Stab: Sleeping          |     3 |     1 |       ||     4
  Eat: Chunk             |     1 |     7 |     2 ||    10
Armor: Robe              |     9 |    13 |     9 ||    31
Dodge: Dodged            |    35 |    68 |    42 ||   145

Table legend:
 A = Non-vault XP
 B = Vault XP
 C = Vault XP percentage of total XP
 D = Non-vault monster count
 E = Vault monster count
 F = Vault count percentage of total count
                 A         B        C        D         E       F
            +---------+---------+-------+---------+---------+-------
      Total |    1068 |      92 |   7.9 |      89 |       6 |   6.3
            +---------+---------+-------+---------+---------+-------
        D:1 |      40 |       0 |   0.0 |      18 |       0 |   0.0
        D:2 |      30 |       1 |   3.2 |       9 |       1 |  10.0
        D:3 |      76 |       0 |   0.0 |      28 |       0 |   0.0
        D:4 |     600 |       0 |   0.0 |      23 |       0 |   0.0
        D:5 |     322 |       0 |   0.0 |      11 |       0 |   0.0
    Ossuary |       0 |      91 | 100.0 |       0 |       5 | 100.0
            +---------+---------+-------+---------+---------+-------
